 Dungeon Crawl Stone Soup version 0.23-a0-8-gb809bb70e4 (webtiles) character file.

1441 Roikka the Conjurer (level 9, -2/59 HPs)
             Began as a Human Fire Elementalist on Aug 1, 2018.
             Was a Believer of Vehumet.
             Slain by a troll (14 damage)
             ... on level 8 of the Dungeon.
             The game lasted 00:31:59 (7285 turns).

Roikka the Conjurer (Human Fire Elementalist)       Turns: 7285, Time: 00:31:59

Health: -2/59      AC:  7    Str: 11    XL:     9   Next: 4%
Magic:  6/16       EV: 13    Int: 16    God:    Vehumet [**....]
Gold:   82         SH:  0    Dex: 14    Spells: 5/17 levels left

rFire    . . .     SeeInvis .   a - +1 halberd
rCold    . . .     Gourm    .   (shield currently unavailable)
rNeg     . . .     Faith    .   x - +2 robe {MR+}
rPois    .         Spirit   .   (no helmet)
rElec    .         Reflect  .   t - +0 cloak
rCorr    .         Harm     .   e - +1 pair of gloves
MR       +....                  (no boots)
Stlth    ++........             (no amulet)
HPRegen  0.19/turn              (no ring)
MPRegen  0.15/turn              (no ring)

@: about to teleport
A: no striking features
a: Renounce Religion


You were on level 8 of the Dungeon.
You worshipped Vehumet.
Vehumet was pleased with you.
You were hungry.

You visited 2 branches of the dungeon, and saw 8 of its levels.
You also visited: Ossuary.

You collected 262 gold pieces.
You spent 180 gold pieces at shops.

Inventory:

Hand Weapons
 a - a +1 halberd (weapon)
Missiles
 f - 157 stones (quivered)
 r - a throwing net
Armour
 b - a +0 buckler
 e - a +1 pair of gloves (worn)
 t - a +0 cloak (worn)
 x - a +2 robe of magic resistance (worn)
Wands
 h - a wand of digging (3)
 s - a wand of paralysis (18)
 u - a wand of scattershot (4)
Scrolls
 i - 2 scrolls of identify
 j - 4 scrolls of remove curse
 l - 8 scrolls of random uselessness
 n - 3 scrolls of enchant weapon
 q - 2 scrolls of amnesia
 v - 2 scrolls of noise
 w - 2 scrolls of teleportation
 y - a scroll of fog {unknown}
Potions
 g - 2 potions of heal wounds
 k - 4 potions of flight
 m - 2 potions of lignification
 p - 4 potions of curing
 z - 2 potions of mutation
 A - a potion of berserk rage
 B - a potion of might
 C - a potion of ambrosia
Comestibles
 c - 5 rations
 o - 3 chunks of flesh


   Skills:
 + Level 1.2 Fighting
 - Level 3.0 Dodging
 - Level 2.0 Stealth
 + Level 1.8 Shields
 + Level 4.7 Spellcasting
 * Level 6.7 Conjurations
 + Level 5.6 Fire Magic
 + Level 2.0 Earth Magic


You had 5 spell levels left.
You knew the following spells:

 Your Spells              Type           Power        Failure   Level  Hunger
a - Flame Tongue          Conj/Fire      ###..        1%          1    None
b - Throw Flame           Conj/Fire      ###...       1%          2    ##.....
c - Conjure Flame         Conj/Fire      ###.....     3%          3    ###....
d - Fireball              Conj/Fire      ###.......   34%         5    ######.
e - Sandblast             Erth           ##....       7%          1    None

Your spell library contained the following spells:

 Spells                   Type           Power        Failure   Level  Hunger
 Sticky Flame             Conj/Fire      ###.....     12%         4    ####...
 Inner Flame              Hex/Fire       ##......     16%         3    ###....


Dungeon Overview and Level Annotations

Branches:
Dungeon (6/15)             Temple (1/1) D:4

Altars:
Cheibriados
Dithmenos
Fedhas
Kikubaaqudgha
Makhleb
Qazlal
Sif Muna
Uskayaw
Vehumet
Xom
Yredelemnul

Shops:
D:5 !:}*%

Annotations:
D:4 Eustachio, Pikel


Message History

The killer bee is moderately wounded.
You are engulfed in blazing flames.
The howler monkey hoots and howls with incredible vigour!
You hear a shout!
Casting: Flame Tongue (safe; 1% risk of failure)
Confirm with . or Enter, or press ? or * to list all spells.
Aiming: Flame Tongue (safe; 1% risk of failure)
Press: ? - help, Shift-Dir - straight line, f/p - killer bee
Aim: a killer bee (moderately wounded, inner flame)
The flame tongue hits the killer bee.
The killer bee is heavily wounded.
You are engulfed in blazing flames.
* * * LOW HITPOINT WARNING * * *
Your surroundings suddenly seem different.
A troll comes into view.
The troll shouts!
Found a stone staircase leading down.
As you read the scroll of teleportation, it crumbles to dust.
You feel strangely unstable. The troll bites you!
You die...
PPPP

.# .P.## .#
..#. #.#
...#..#
..###.....
......... #
.....>..#.#
#@T.# #.###
#.# #.# #.#
#.# #.. ###


You could see a troll.

Vanquished Creatures
  A hippogriff (D:8)
  An ice beast (D:5)
  A slave (D:4)
  A phantom (D:5)
  An ogre (D:4)
  A bullfrog (D:3)
  A scorpion (D:4)
  2 killer bees (D:8)
  2 centaur zombies (Ossuary)
  An orc priest (D:5)
  A bullfrog skeleton (D:5)
  2 hounds
  3 orc wizards
  A centaur skeleton (D:4)
  A human zombie (Ossuary)
  Jessica (D:2)
  An iguana (D:4)
  Natasha (thrice) (D:4)
  A worker ant (D:4)
  3 big kobold zombies (Ossuary)
  A hound skeleton (D:6)
  4 mummies (Ossuary)
  3 gnolls (D:4)
  7 adders
  2 shadow imps
  2 worms
  3 dart slugs
  5 leopard geckos
  10 orcs
  3 ball pythons
  2 giant cockroaches
  2 goblins
  6 hobgoblins
  6 jackals
  3 quokkas
  4 bats
  6 frilled lizards
  A hobgoblin zombie (Ossuary)
  9 kobolds
  A kobold zombie (Ossuary)
  A quokka skeleton (D:5)
  7 rats
117 creatures vanquished.

Notes
Turn   | Place    | Note
-------+----------+-------------------------------------------
     0 | D:1      | Roikka the Human Fire Elementalist began the quest for the Orb.
     0 | D:1      | Reached XP level 1. HP: 13/13 MP: 3/3
   200 | D:1      | Reached XP level 2. HP: 19/19 MP: 3/5
   208 | D:1      | Learned a level 2 spell: Throw Flame
   663 | D:1      | Reached XP level 3. HP: 24/24 MP: 2/6
  1114 | D:1      | Reached skill level 2 in Conjurations
  1905 | D:2      | Reached XP level 4. HP: 29/30 MP: 1/7
  2261 | D:2      | Noticed Jessica
  2732 | D:3      | Found a deep blue altar of Sif Muna.
  2810 | D:3      | Noticed a bullfrog
  2819 | D:3      | Killed a bullfrog
  2819 | D:3      | Reached skill level 3 in Conjurations
  2819 | D:3      | Reached XP level 5. HP: 27/35 MP: 1/9
  3240 | D:4      | Found a staircase to the Ecumenical Temple.
  3246 | Temple   | Entered the Ecumenical Temple
  3253 | Temple   | Became a worshipper of Vehumet
  3281 | D:4      | Reached XP level 6. HP: 30/41 MP: 2/10
  3434 | D:2      | Killed Jessica
  3434 | D:2      | Reached skill level 4 in Conjurations
  3512 | D:4      | Noticed Natasha
  3526 | D:4      | Killed Natasha
  3731 | D:4      | Learned a level 3 spell: Conjure Flame
  3874 | D:4      | Noticed Natasha
  3887 | D:4      | Killed Natasha
  3887 | D:4      | Reached XP level 7. HP: 39/46 MP: 5/12
  4116 | D:4      | Reached skill level 5 in Conjurations
  4305 | D:4      | Noticed Natasha
  4335 | D:4      | Killed Natasha
  4508 | D:4      | Noticed Eustachio
  4523 | D:5      | Entered Level 5 of the Dungeon
  4545 | D:5      | Found Guveerec's Assorted Antiques.
  4545 | D:5      | Found Foigin's Gadget Emporium.
  4554 | D:5      | Bought a scroll labeled QAGHOSK QAQI for 27 gold pieces
  4554 | D:5      | Bought a scroll labeled IRRAYN USUKOLI for 27 gold pieces
  4554 | D:5      | Bought a scroll labeled USOWNU DAOGURCH for 27 gold pieces
  4554 | D:5      | Bought a runed robe for 99 gold pieces
  4738 | D:5      | Reached XP level 8. HP: 46/52 MP: 9/14
  4756 | D:5      | Found Onkung's Distillery.
  4757 | D:5      | Found a sand-covered staircase.
  4763 | Ossuary  | Entered an ossuary
  4788 | Ossuary  | Reached skill level 5 in Fire Magic
  4800 | Ossuary  | Reached * piety under Vehumet
  4800 | Ossuary  | Offered knowledge of Sandblast by Vehumet.
  4807 | Ossuary  | Learned a level 5 spell: Fireball
  4988 | Ossuary  | Learned a level 1 spell: Sandblast
  5195 | Ossuary  | Reached skill level 6 in Conjurations
  5596 | D:4      | Noticed Pikel
  5890 | D:5      | Reached skill level 1 in Earth Magic
  5992 | D:5      | Found Vurobbuj's Food Boutique.
  6184 | D:5      | Reached skill level 1 in Shields
  6635 | D:5      | Found Kohuuxut's Book Boutique.
  7269 | D:6      | You fall through a shaft for 2 floors!
  7270 | D:8      | Noticed a hippogriff
  7281 | D:8      | Killed a hippogriff
  7281 | D:8      | Reached ** piety under Vehumet
  7281 | D:8      | Offered knowledge of Searing Ray by Vehumet.
  7281 | D:8      | Reached skill level 1 in Fighting
  7281 | D:8      | Reached XP level 9. HP: 44/59 MP: 8/16
  7284 | D:8      | Noticed a troll
  7285 | D:8      | Slain by a troll

Vault maps used:
D:1:      eino_arrival_water_star
D:2:      first_ration, uniq_jessica
D:3:      nicolae_overflow_hidden_temple, bh_walls_and_bars
D:4:      minmay_temple_entry_mist, uniq_eustachio, uniq_natasha, uniq_pikel
D:5:      nicolae_ossuary_entry_plus, serial_shops, kennysheep_mini, shop, shop,
          shop, shop
D:8:      dpeg_oklobed_lair
Temple:   compressed_dpeg_triangle_lava_temple
Ossuary:  ossuary_crypta

Skill      XL: |  1  2  3  4  5  6  7  8 |
---------------+-------------------------+-----
Conjurations   | 2 3 4 5 6 |  6.7
Spellcasting   | 3 4 |  4.7
Fire Magic     | 4 5 |  5.6
Earth Magic    | 2 |  2.0
Shields        | 1 |  1.8
Dodging        | 3 |  3.0
Fighting       | 1 |  1.2
Stealth        | |  2.0

Action                   |  1- 3 |  4- 6 |  7- 9 || total
-------------------------+-------+-------+-------++-------
Melee: Hand axe          |     8 |    11 |       ||    19
       Halberd           |       |       |    30 ||    30
Throw: Stone             |    23 |     8 |    13 ||    44
 Cast: Flame Tongue      |    53 |    92 |   158 ||   303
       Throw Flame       |     3 |     2 |    12 ||    17
       Conjure Flame     |       |       |     8 ||     8
  Use: Scroll            |       |     5 |    19 ||    24
  Eat: Chunk             |     2 |     2 |     4 ||     8
       Ration            |     1 |     1 |     2 ||     4
Armor: Robe              |     6 |     5 |    28 ||    39
Dodge: Dodged            |    21 |    40 |    80 ||   141

Table legend:
 A = Spawn XP
 B = Non-spawn XP
 C = Spawn XP percentage of total XP
 D = Spawn monster count
 E = Non-spawn monster count
 F = Spawn count percentage of total count
 G = Total turns spent on level
                    A         B        C        D         E        F      G
               +---------+---------+-------+---------+---------+-------+---------
         Total |       0 |    2059 |   0.0 |       0 |     116 |   0.0 |  7285
               +---------+---------+-------+---------+---------+-------+---------
           D:1 |       0 |      39 |   0.0 |       0 |      22 |   0.0 |  1228
           D:2 |       0 |      95 |   0.0 |       0 |      14 |   0.0 |  1121
           D:3 |       0 |     116 |   0.0 |       0 |      15 |   0.0 |  1234
           D:4 |       0 |     648 |   0.0 |       0 |      31 |   0.0 |  1306
           D:5 |       0 |     455 |   0.0 |       0 |      13 |   0.0 |  1516
           D:6 |       0 |      37 |   0.0 |       0 |       6 |   0.0 |   284
           D:8 |       0 |     384 |   0.0 |       0 |       3 |   0.0 |    16
       Ossuary |       0 |     285 |   0.0 |       0 |      12 |   0.0 |   564
               +---------+---------+-------+---------+---------+-------+---------
